AoeStats
← Malelf

Arabia

507679076Analyzed
1v1 RM · 13d ago on Sep 19, 2026· 40m 11s· 2 players
Game mode
Random Map
Map size
Tiny (2 player)
Population
200
Speed
Normal
Resources
Standard
Victory
Conquest
Starting age
Dark Age
Ending age
Imperial Age
RankedLock teamsTeams togetherTeam positionsShared explorationLock speedFull tech treeHidden civsTurbo modeCheats
Victory
Defeat
🇮🇹 Muisca · Italy
1694
+13
🇨🇳 Georgians · China
1618
-13
Malelf
7:41 Loom
10:30 Feudal Age
14:31 Castle Age
18:43 Double-Bit Axe
19:14 Fletching
21:51 Bodkin Arrow
23:02 Padded Archer Armor
24:48 Leather Archer Armor
27:28 Ballistics
27:42 Bow Saw
27:18 Horse Collar
30:27 Wheelbarrow
30:00 Heavy Plow
30:57 Gold Mining
32:42 Sanctity
32:40 Fervor
32:44 Stone Mining
40:01 Imperial Age
39:36 Squires
41:08 Gold Shaft Mining
40:51 Hand Cart
40:22 Town Watch
41:05 Block Printing
seabed
8:26 Feudal Age
10:00 Loom
19:56 Castle Age
19:11 Bloodlines
20:08 Light Cavalry
21:24 Scale Barding Armor
25:23 Chain Barding Armor
26:57 Husbandry
37:06 Wheelbarrow
Connection lost

Rejoining the realm…

Still unreachable

The connection could not be restored.

Session expired

The server has moved on; the page needs a fresh start.